 Dungeon Crawl Stone Soup version 0.30-a0-883-g5ad918d77d (webtiles) character file.

Game seed: 5813681115517923555

21689 FexLirch the Black Sun (level 12, 0/91 HPs)
             Began as a Mummy Necromancer on Mar 18, 2023.
             Was a High Priest of Kikubaaqudgha.
             Slain by a cane toad simulacrum (1 damage)
             ... in an ice cave.
             The game lasted 00:46:45 (11941 turns).

FexLirch the Black Sun (Mummy Necromancer)         Turns: 11941, Time: 00:46:46

Health: 0/91       AC: 14    Str: 22    XL:     12   Next: 56%
Magic:  21/25      EV: 14    Int: 19    God:    Kikubaaqudgha [*****.]
Gold:   628        SH:  0    Dex: 12    Spells: 8/30 levels left

rFire   . . .      SeeInvis +    B - +9 flail of Hell's Wrath {pain, rF+ Str+4}
rCold   + + +      Faith    +    s - orb {light}
rNeg    + + +      Spirit   .    O - +4 skin of Zhor {*Englaciate rC+++ SInv}
rPois   ∞          Reflect  .    (no helmet)
rElec   .          Rampage  .    q - scarf {harm}
rCorr   .          Harm     + .  m - +2 pair of gloves
Will    +....                    c - +0 pair of boots
Stlth   +                        d - amulet of magic regeneration
HPRegen 0.35/turn                x - +4 ring of protection
MPRegen 0.59/turn                J - +6 ring of strength

@: glowing
A: cold resistance 1, negative energy resistance 3, torment resistance 2, heat
vulnerability 1, in touch with death 1, no potions, faith
a: Renounce Religion, Unearth Wretches, Torment


You were in an ice cave.
You worshipped Kikubaaqudgha.
Kikubaaqudgha was extremely pleased with you.
You visited 3 branches of the dungeon, and saw 15 of its levels.
You also visited: Ossuary, Bailey and Ice Cave.

You collected 891 gold pieces.
You spent 263 gold pieces at shops.

Inventory:

Hand Weapons
 n - the +6 mace "Cootsin" {chaos, rPois Int+4}
   (You found it on level 5 of the Dungeon)

   Int:       It affects your intelligence (+4).
   rPois:     It protects you from poison.
 v - a +0 morningstar
 w - a +2 dagger of electrocution
 B - the +9 flail of Hell's Wrath (weapon) {pain, rF+ Str+4}
   (You bought it in a shop on level 2 of the Dungeon)

   Str:       It affects your strength (+4).
   rF:        It protects you from fire.
 D - a +0 glaive
 W - the +7 trident "Womuyv" {drain, Will+}
   (You found it on level 12 of the Dungeon)

   Will:      It increases your willpower.
Missiles
 a - 23 poisoned darts
 f - 95 stones
 C - a curare-tipped dart
 F - 10 boomerangs
 Q - 2 boomerangs of dispersal
 U - a throwing net
Armour
 c - a +0 pair of boots (worn)
 m - a +2 pair of gloves (worn)
 q - a scarf of harm (worn)
 s - an orb of light (worn)
 A - a +2 leather armour of fire resistance
 G - a +0 tower shield
 O - the +4 skin of Zhor (worn) {*Englaciate rC+++ SInv}
   (You found it on level 9 of the Dungeon)

   *Englaciate: It radiates cold, occasionally slowing all nearby creatures who
   are not resistant to cold.
   rC:        It renders you almost immune to cold.
   SInv:      It lets you see invisible.
 R - a +2 cloak of preservation
Jewellery
 d - an amulet of magic regeneration (around neck)
 e - a ring of see invisible
 j - a +4 ring of protection
 x - a +4 ring of protection (left hand)
 z - an amulet of regeneration
 J - a +6 ring of strength (right hand)
 K - a ring of protection from cold
 T - a +4 ring of protection
Wands
 b - a wand of paralysis (7)
 I - a wand of iceblast (36)
 M - a wand of polymorph (23)
 P - a wand of digging (7)
 S - a wand of flame (5)
Scrolls
 g - 2 scrolls of magic mapping {unknown}
 h - 2 scrolls of fear {unknown}
 i - a scroll of blinking {unknown}
 k - 3 scrolls of noise
 l - 2 scrolls of poison
 o - 2 scrolls of butterflies {unknown}
 p - 5 scrolls of fog
 r - 3 scrolls of vulnerability
 t - 7 scrolls of amnesia
 u - 2 scrolls of immolation {unknown}
 y - 7 scrolls of teleportation
 E - a scroll of enchant armour {unknown}
 H - a scroll of silence
 L - 2 scrolls of brand weapon {unknown}
 N - 2 scrolls of enchant weapon {unknown}
 V - a scroll of torment


   Skills:
 + Level 7.6 Fighting
 - Level 6.2 Maces & Flails
 + Level 7.0 Dodging
 - Level 2.7 Stealth
 + Level 9.9 Spellcasting
 + Level 13.1 Necromancy
 + Level 3.8 Ice Magic
 + Level 3.7 Earth Magic


You had 8 spell levels left.
You knew the following spells:

 Your Spells              Type           Power      Damage    Failure   Level
a - Necrotise             Necr           100%       1d9       1%          1
b - Vampiric Draining     Necr           73%        2d11      1%          3
c - Animate Dead          Necr           73%        N/A       1%          4
d - Agony                 Necr           73%        N/A       1%          5
e - Anguish               Hex/Necr       25%        N/A       4%          4
f - Borgnjor's Vile Clut  Necr/Erth      29%        N/A       6%          5

Your spell library contained the following spells:

 Spells                   Type           Power      Damage    Failure   Level
 Kiss of Death            Conj/Necr      100%       2d13      1%          1
 Dispel Undead            Necr           73%        3d24      1%          4
 Confusing Touch          Hex            9%         N/A       22%         3
 Simulacrum               Ice/Necr       29%        N/A       34%         6
 Olgreb's Toxic Radiance  Pois           9%         N/A       58%         4
 Ozocubu's Refrigeration  Ice            12%        4d10      100%        7
 Ignition                 Fire           4%         3d4       100%        8


Dungeon Overview and Level Annotations

Branches:
Dungeon (13/15)            Temple (1/1) D:5            Lair (1/5) D:8
    Orc (0/2) D:12        Ossuary (visited)          Bailey (visited)
  IceCv (1/1)
 Vaults: D:13-14

Altars:
Cheibriados
Dithmenos
Fedhas
Gozag
Hepliaklqana
Kikubaaqudgha
Makhleb
Nemelex Xobeh
Okawaru
Sif Muna
Trog
Uskayaw
Vehumet
Xom

Shops:
D:2 *   D:3 (   D:7 *   D:8 *


Innate Abilities, Weirdness & Mutations

You are immune to poison.
Your flesh is cold resistant. (rC+)
You are immune to negative energy. (rN+++)
You are immune to unholy pain and torment.
You are vulnerable to heat. (rF-)
You are in touch with the powers of death.
You do not drink.
You have a special connection with the divine. (Faith)


Message History

Unknown command.
Press: ? - help, v - describe, . - travel The floor.
This square is lit by a halo.
Unknown command.
Unknown command.
Okay, then.
Okay, then.
Unknown command.
Unknown command.
Unknown command.
Aiming: Throw Flame
Press: ? - help, Shift-Dir - straight line, f - death yak simulacrum
Aim: a death yak simulacrum (severely damaged, haloed, 100% to hit)
Okay, then.
Unknown command.
Unknown command.
Unknown command.
Okay, then.
You sock the death yak simulacrum!
The death yak simulacrum vaporises!
Kikubaaqudgha accepts your kill.
You radiate an aura of cold.
The wolf simulacrum is unaffected.
The cane toad simulacrum is unaffected.
The wolf simulacrum closely misses you.
The cane toad simulacrum hits you but does no damage.
Your Dodging skill increases to level 7!
Casting: Vampiric Draining (safe; 1% risk of failure)
Confirm with . or Enter, or press ? or * to list all spells.
Aiming: Borgnjor's Vile Clutch (dangerous; 6% risk of failure)
Press: ? - help, Shift-Dir - straight line, f - wolf simulacrum
Aim: a wolf simulacrum (haloed, 100% to hit)
You feel a surge of power!
Zombie hands grab the wolf simulacrum.
The zombie hands constrict the wolf simulacrum!
The wolf simulacrum bites you but does no damage.
The cane toad simulacrum hits you!
* * * LOW HITPOINT WARNING * * *
The cane toad simulacrum freezes you. You resist.
You die...
Kikubaaqudgha rasps: "You have failed me!
Welcome... oblivion!"

#####
##...##
##..∩..##
#.......#
#...@...#
##.○ZZ.##
##...##
#...#
...##
#...#
##...
##..


You could see a wolf simulacrum (clutched) and a cane toad simulacrum.

Vanquished Creatures
  Josephine (D:11)
  2 vault guards (Bailey)
  A catoblepas (D:12)
  2 two-headed ogres
  A centaur warrior (D:13)
  Pikel (D:4)
  A cyclops (D:11)
  Maurice (D:11)
  3 gargoyles
  A cane toad (Lair:1)
  4 rime drakes (D:9)
  A komodo dragon (D:8)
  2 unseen horrors (D:10)
  An efreet (D:13)
  2 trolls
  A merfolk (D:11)
  Prince Ribbit (Bailey)
  3 hornets
  Eustachio (D:6)
  8 yaks
  A shadow (D:10)
  5 wraiths
  3 humans (Bailey)
  A death yak simulacrum (IceCv)
  2 vampire mosquitoes (D:12)
  3 acid dragons
  2 water moccasins
  7 orc warriors
  2 ice beasts (D:5)
  A black bear (Lair:1)
  4 ogres
  12 centaurs
  A phantom (D:7)
  A kobold brigand (D:6)
  12 scorpions
  14 bullfrogs
  A cane toad simulacrum (IceCv)
  8 killer bees (D:9)
  A centaur zombie (Ossuary)
  4 jellies
  6 hounds
  9 orc priests
  A gnoll bouda (D:7)
  3 iguanas
  9 orc wizards
  3 scorpion zombies (Ossuary)
  4 mummies
  3 gnolls (D:7)
  9 adders
  An ufetubus (D:5)
  A dart slug (D:3)
  43 orcs
  11 endoplasms
  2 giant cockroaches (D:1)
  4 gnoll zombies (Ossuary)
  10 goblins
  7 hobgoblins
  A jackal (D:4)
  15 kobolds
  4 quokkas
  4 ball pythons
  4 bats
  2 frilled lizards (D:1)
  3 goblin zombies (Ossuary)
  2 kobold zombies
  3 orc zombies
  4 rats
291 creatures vanquished.

Vanquished Creatures (collateral kills)
  A rime drake (D:9)
  A wraith (D:11)
  A yak (D:6)
  2 kobold brigands
  A bullfrog (Bailey)
  A scorpion (D:6)
  3 killer bees (D:9)
  An electric eel (D:10)
  A jelly (D:5)
  2 orc wizards (D:9)
  A dart slug (D:1)
  8 orcs
  2 endoplasms
  A giant cockroach (D:1)
  2 hobgoblins
  A jackal (D:4)
  6 kobolds
35 creatures vanquished.

Vanquished Creatures (others)
  An ugly thing (D:11)
  A cyclops (D:11)
  2 rime drakes (D:9)
  2 hornet zombies (D:8)
  A centaur (D:12)
  An electric eel (D:10)
  2 centaur zombies (D:9)
  4 bullfrog zombies
  A human zombie (Bailey)
  6 killer bee zombies (D:9)
  An adder zombie (D:6)
  2 orcs (D:9)
  A kobold (D:11)
  2 goblin zombies (Bailey)
  A hobgoblin zombie (Bailey)
  9 kobold zombies
  11 orc zombies
  27 plants (D:8)
75 creatures vanquished.

Grand Total: 401 creatures vanquished

Notes
Turn   | Place    | Note
-------+----------+-------------------------------------------
     0 | D:1      | FexLirch the Mummy Necromancer began the quest for the Orb.
     0 | D:1      | Reached XP level 1. HP: 13/13 MP: 4/4
   317 | D:1      | Reached XP level 2. HP: 16/19 MP: 1/5
   836 | D:1      | Found a faded altar of an unknown god.
  1285 | D:2      | Found Sudin's Assorted Antiques.
  1292 | D:2      | Gained mutation: You are in touch with the powers of death.
                  | [Mummy growth]
  1292 | D:2      | Reached XP level 3. HP: 24/24 MP: 5/7
  2317 | D:3      | Noticed a water moccasin
  2324 | D:3      | Killed a water moccasin
  2325 | D:3      | Reached XP level 4. HP: 30/30 MP: 0/10
  2325 | D:3      | Reached XP level 5. HP: 35/35 MP: 0/11
  2432 | D:3      | Learned a level 3 spell: Vampiric Draining
  2437 | D:3      | Learned a level 4 spell: Animate Dead
  2657 | D:3      | Found Uniguttenu's Antique Weapon Boutique.
  2727 | D:3      | Identified the amulet of Xom's Full Attention {Faith rCorr}
  2995 | D:3      | Reached skill level 5 in Necromancy
  3258 | D:4      | Noticed Pikel
  3258 | D:4      | Noticed a lemure
  3258 | D:4      | Noticed a lemure
  3258 | D:4      | Noticed a lemure
  3258 | D:4      | Noticed a lemure
  3306 | D:4      | Noticed an ogre
  3429 | D:4      | Reached XP level 6. HP: 30/41 MP: 3/12
  3492 | D:4      | Found a sand-covered staircase.
  3497 | Ossuary  | Entered an ossuary
  3510 | Ossuary  | Reached skill level 6 in Necromancy
  3580 | Ossuary  | Reached skill level 7 in Necromancy
  3641 | Ossuary  | Reached XP level 7. HP: 44/46 MP: 9/13
  3658 | Ossuary  | Learned a level 5 spell: Agony
  3679 | Ossuary  | Reached skill level 8 in Necromancy
  3791 | Ossuary  | Reached skill level 9 in Necromancy
  3803 | Ossuary  | Reached XP level 8. HP: 49/52 MP: 14/14
  4032 | D:4      | Killed Pikel
  4033 | D:4      | Reached skill level 10 in Necromancy
  4281 | D:4      | Found a blossoming altar of Fedhas.
  4442 | D:2      | Bought an ebony flail for 263 gold pieces
  4442 | D:2      | Identified the +9 flail of Hell's Wrath {pain, rF+ Str+4}
                  | (You bought it in a shop on level 2 of the Dungeon)
  4491 | D:5      | Entered Level 5 of the Dungeon
  4672 | D:5      | Found a hide-covered altar of Uskayaw.
  4730 | D:5      | Found a staircase to the Ecumenical Temple.
  4741 | Temple   | Entered the Ecumenical Temple
  4765 | Temple   | Became a worshipper of Kikubaaqudgha
  4810 | D:5      | Reached skill level 1 in Fighting
  4894 | D:5      | Reached skill level 1 in Maces & Flails
  4894 | D:5      | Reached skill level 11 in Necromancy
  5021 | D:5      | Identified the +6 mace "Cootsin" {chaos, rPois Int+4}
  5068 | D:5      | Found a shadowy altar of Dithmenos.
  5110 | D:5      | Found a bloodstained altar of Trog.
  5113 | D:5      | Found a burning altar of Makhleb.
  5116 | D:5      | Found a shimmering blue altar of Sif Muna.
  5211 | D:5      | Reached XP level 9. HP: 56/61 MP: 0/15
  6156 | D:6      | Noticed Eustachio
  6166 | D:6      | Killed Eustachio
  6167 | D:6      | Reached skill level 5 in Spellcasting
  6345 | D:6      | Reached * piety under Kikubaaqudgha
  6345 | D:6      | Received a gift from Kikubaaqudgha
  6667 | D:6      | Reached ** piety under Kikubaaqudgha
  7026 | D:7      | Found a flagged portal.
  7098 | Bailey   | Entered a bailey
  7120 | Bailey   | Reached XP level 10. HP: 64/71 MP: 7/19
  7145 | Bailey   | Reached *** piety under Kikubaaqudgha
  7145 | Bailey   | Received a gift from Kikubaaqudgha
  7164 | Bailey   | Noticed Prince Ribbit
  7164 | Bailey   | Noticed a vault guard
  7175 | Bailey   | Killed a vault guard
  7180 | Bailey   | Killed Prince Ribbit
  7209 | Bailey   | Noticed a vault guard
  7219 | Bailey   | Killed a vault guard
  7220 | Bailey   | Reached skill level 5 in Fighting
  7220 | Bailey   | Reached skill level 5 in Dodging
  7220 | Bailey   | Reached skill level 12 in Necromancy
  7471 | D:7      | Found Urof's Gadget Gallery.
  7806 | D:8      | Found a staircase to the Lair.
  7849 | D:8      | Found an opulent altar of Gozag.
  7935 | D:8      | Found an iron altar of Okawaru.
  8164 | D:8      | Found Zuamudghe's Fire Supplies.
  8187 | D:8      | Reached **** piety under Kikubaaqudgha
  8380 | D:8      | Found a radiant altar of Vehumet.
  8415 | D:8      | Noticed a two-headed ogre
  8433 | D:8      | Killed a two-headed ogre
  8434 | D:8      | Reached XP level 11. HP: 81/81 MP: 18/23
  9053 | D:9      | Learned a level 4 spell: Anguish
  9076 | D:9      | Reached skill level 5 in Maces & Flails
  9168 | D:9      | Reached skill level 1 in Ice Magic
  9173 | D:9      | Reached skill level 1 in Earth Magic
  9199 | D:9      | Found the +4 skin of Zhor {*Englaciate rC+++ SInv}
  9432 | D:10     | Entered Level 10 of the Dungeon
  9571 | D:10     | Learned a level 5 spell: Borgnjor's Vile Clutch
  9636 | D:10     | Reached ***** piety under Kikubaaqudgha
 10093 | D:11     | Noticed a green ugly thing
 10099 | D:11     | Killed a green ugly thing
 10147 | D:11     | Noticed Josephine
 10154 | D:11     | Killed Josephine
 10155 | D:11     | Reached XP level 12. HP: 46/91 MP: 21/25
 10404 | D:11     | Noticed Maurice
 10411 | D:11     | Killed Maurice
 10550 | D:11     | You fall into a shaft and drop 2 floors!
 10816 | D:11     | Noticed a two-headed ogre
 10820 | D:11     | Killed a two-headed ogre
 10914 | D:12     | Found a staircase to the Orcish Mines.
 10951 | D:12     | Reached skill level 13 in Necromancy
 11346 | D:12     | Noticed a catoblepas
 11351 | D:12     | Killed a catoblepas
 11398 | D:12     | Identified the +7 trident "Womuyv" {drain, Will+}
 11643 | D:13     | Noticed a centaur warrior
 11648 | D:13     | Killed a centaur warrior
 11821 | Lair:1   | Entered Level 1 of the Lair of Beasts
 11844 | Lair:1   | Found a frozen archway.
 11930 | IceCv    | Entered an ice cave
 11941 | IceCv    | HP: 1/91 [cane toad simulacrum (9)]
 11941 | IceCv    | Slain by a cane toad simulacrum

Illustrated notes

Levels and vault maps discovered:
D:1:      elethiomel_arrival_infinity_welcomes_careful_drivers,
          layout_loops_ring, shapermc_ecumenical_altar_notcrosses,
          nicolae_eternal_life
D:2:      layout_basic, serial_co_window_serial, co_window_paths_a,
          co_window_corner_a, co_window_corner_a, co_window_paths_a,
          co_window_paths_b, co_window_of_opportunity_b,
          co_window_unsneaky_path_a, co_window_broadway_c,
          co_window_of_opportunity_b, co_window_paths_d, glass_columns_b,
          glass_columns_c, glass_columns_c, serial_shops, nicolae_square_shop
D:3:      layout_basic, serial_shops, nicolae_shop_hallway_plus
D:4:      nicolae_cairo_tiling_large, layout_rooms,
          lemuel_coloured_pillars_altar, nicolae_ossuary_entry_giza, uniq_pikel
D:5:      layout_layer_cave, mainiacjoe_overflow_alcove_4,
          grunt_temple_overflow_cloverleaf,
          minmay_temple_entry_statues_fountains, minmay_misc_feat_more_columns,
          kennysheep_generic_room_13
D:6:      layout_loops_ring, uniq_eustachio
D:7:      layout_loops_ring, enter_bailey_4, nicolae_shop_gadgets
D:8:      layout_basic, nicolae_gozag_cash_rules_everything_around_me,
          mainiacjoe_overflow_24_doors, kennysheep_mini_moat,
          david_lair_shrubbed, wad_woods_river_04, chequers_avenue,
          grunt_ministairs_13, nicolae_shop_fire_sale [nicolae_sub_dead_trees]
D:9:      layout_basic, hellmonk_guarded_unrand_zhor
D:10:     layout_basic, zin_academy
D:11:     layout_cross, chequers_serial_rivers_micro_e, hangedman_fish_farm,
          uniq_josephine, uniq_maurice
D:12:     layout_loops_cross, minmay_orc_entry_temple_small
D:13:     layout_basic
Temple:   nicolae_temple_godzebo
Lair:1:   layout_cave_pods, portal_ice_cave_entry_pillars_1, grunt_megastairs_4
IceCv:    ice_cave_small_necro

Skill      XL: |  1  2  3  4  5  6  7  8  9 10 11 12 |
---------------+-------------------------------------+-----
Spellcasting   | 3 4 6 8 9 |  9.9
Stealth        | 2 |  2.7
Dodging        | 2 3 4 5 6 7 |  7.0
Necromancy     | 5 7 9 11 12 13 | 13.1
Fighting       | 1 4 5 7 |  7.6
Maces & Flails | 1 3 4 5 6 |  6.2
Ice Magic      | 2 3 |  3.8
Earth Magic    | 2 3 |  3.7

Action                     |  1- 3 |  4- 6 |  7- 9 | 10-12 || total
---------------------------+-------+-------+-------+-------++-------
  Melee: Unarmed           |     9 |       |       |       ||     9
         Dagger            |       |    51 |   127 |       ||   178
         Flail             |       |       |    30 |   170 ||   200
   Cast: Necrotise         |    63 |    52 |   113 |    65 ||   293
         Vampiric Draining |       |       |     8 |    23 ||    31
         Agony             |       |       |     7 |    10 ||    17
         Animate Dead      |       |       |     3 |    11 ||    14
         Anguish           |       |       |       |    22 ||    22
         Borgnjor's Vile C |       |       |       |    27 ||    27
    Use: Scroll            |       |     4 |     2 |     4 ||    10
   Stab: Distracted        |       |       |       |     2 ||     2
 Armour: Leather armour    |     8 |    28 |    96 |    51 ||   183
         Animal skin       |       |       |       |    50 ||    50
  Dodge: Dodged            |    11 |    41 |   109 |   175 ||   336

Table legend: (Time is in decaauts)
 A = Elapsed time spent in this place.
 B = Non-inter-level travel time spent in this place.
 C = Inter-level travel time spent in this place.
 D = Time resting spent in this place.
 E = Time spent auto-exploring this place.
 F = Levels seen in this place.
 G = Mean time per level.
                   A        B        C        D        E       F      G
               +--------+--------+--------+--------+--------+-----+--------+
         Total |  12048 |  11298 |    750 |    264 |   7552 |  18 |  669.3 |
       Dungeon |  11286 |  10582 |    704 |    264 |   7442 |  13 |  868.2 |
        Temple |     45 |     25 |     20 |      0 |     15 |   1 |   45.0 |
          Lair |    109 |     83 |     26 |      0 |      0 |   1 |  109.0 |
       Ossuary |    374 |    374 |      0 |      0 |     95 |   1 |  374.0 |
        Bailey |    220 |    220 |      0 |      0 |      0 |   1 |  220.0 |
      Ice Cave |     11 |     11 |      0 |      0 |      0 |   1 |   11.0 |
               +--------+--------+--------+--------+--------+-----+--------+

Top non-repeatable levels by time:
     D:5: 1552 daAuts
     D:8: 1228 daAuts
     D:1: 1223 daAuts
     D:3: 1068 daAuts
    D:11: 1052 daAuts
     D:2: 1049 daAuts
     D:6: 810 daAuts
     D:4: 771 daAuts
    D:12: 760 daAuts
     D:7: 630 daAuts
     D:9: 520 daAuts
    D:10: 507 daAuts
 Ossuary: 374 daAuts
  Bailey: 220 daAuts
    D:13: 109 daAuts
